 Dungeon Crawl Stone Soup version 0.28-a0-643-g84cb2ea78e (webtiles) character file.

Game seed: 15571749272811378969

63 ytrimaz the Skirmisher (level 4, -6/41 HPs)
             Began as a Hill Orc Fighter on Oct 11, 2021.
             Killed from afar by Sigmund (9 damage)
             ... with a magic dart
             ... on level 2 of the Dungeon.
             The game lasted 00:01:29 (982 turns).

ytrimaz the Skirmisher (Hill Orc Fighter)            Turns: 982, Time: 00:01:30

Health: -6/41      AC:  0    Str: 19    XL:     4   Next: 10%
Magic:  4/4        EV: 13    Int:  8    God:
Gold:   6          SH:  0    Dex: 10    Spells: 3/3 levels left

rFire   . . .      SeeInvis .   (weapon currently unavailable)
rCold   . . .      Faith    .   (shield currently unavailable)
rNeg    . . .      Spirit   .   (armour currently unavailable)
rPois   .          Reflect  .   (helmet currently unavailable)
rElec   .          Harm     .   (cloak currently unavailable)
rCorr   .          Rampage  .   (gloves currently unavailable)
Will    .....                   (boots currently unavailable)
Stlth   +.........              (no amulet)
HPRegen 0.13/turn               (ring currently unavailable)
MPRegen 0.09/turn               (ring currently unavailable)

@: confused, pig-form, slowed
A: fast, no casting, small
a: no special abilities


You were on level 2 of the Dungeon.
You were a filthy swine.
You visited 1 branch of the dungeon, and saw 2 of its levels.

You collected 6 gold pieces.

Inventory:

Hand Weapons
 a - a +0 war axe (melded)
Armour
 b - a +0 scale mail (melded)
 c - a +0 buckler (melded)
Potions
 d - a potion of might
 f - 4 potions of flight


   Skills:
 * Level 4.4 Fighting
 + Level 3.6 Axes
 + Level 3.8 Armour
 * Level 3.7 Shields


You had 3 spell levels left.
You didn't know any spells.
Your spell library contained the following spells:

 Spells                   Type           Power      Damage    Failure   Level
 Magic Dart               Conj           0%         1d3       41%         1
 Blink                    Tloc           N/A        N/A       54%         2
 Searing Ray              Conj           0%         2d4       54%         2
 Lesser Beckoning         Tloc           0%         N/A       78%         3
 Fulminant Prism          Conj/Hex       0%         3d6       99%         4
 Manifold Assault         Tloc           0%         N/A       100%        5


Dungeon Overview and Level Annotations

Branches:
Dungeon (2/15)

Altars:

Annotations:
D:2 Natasha, Sigmund


Message History

The magic dart hits you but does no damage.
A bat comes into view.
You aren't carrying any scrolls.
Okay, then.
There is a faded altar of an unknown god here.
Natasha stares at you and mumbles some strange words.
The magic dart hits you.
Sigmund points at you and mumbles some strange words.
You are confused.
Sigmund gestures at you while chanting.
The magic dart hits you but does no damage.
Natasha casts a spell at you.
The magic dart hits you but does no damage.
You bump into the rock wall.
Natasha casts a spell at you.
You feel yourself slow down.
Unknown command.
You're too confused to move!
Sigmund points at you and mumbles some strange words.
You are more confused.
Natasha hisses.
Natasha claws you!
* * * LOW HITPOINT WARNING * * *
Unknown command.
You bump into the rock wall.
Natasha claws you.
* * * LOW HITPOINT WARNING * * *
Natasha claws you.
* * * LOW HITPOINT WARNING * * *
You bump into the rock wall.
Sigmund barely misses you. Natasha claws you.
* * * LOW HITPOINT WARNING * * *
Unknown command.
You closely miss Natasha. Natasha closely misses you.
Sigmund closely misses you. Natasha claws you but does no damage.
Sigmund zaps a wand.
You turn into a filthy swine.
Your +0 war axe melds into your body.
Your +0 buckler melds into your body.
Your +0 scale mail melds into your body.
You bump into the rock wall.
Natasha misses you. Sigmund gestures at you while chanting.
The magic dart hits you!
You die...

#........#...##.#.##..##
#........#...##.#.......
#............#....##....
#..................'....
#........###.#..#.##....
#..........# #..#.##....
##..........#....#.##....
#......##...#### #.......
#.......h### ..##.....
#......h.# ..... #.####
#####...@# ..... #.
#....# .....
#....###.....
#..).........
#######)#.#......
#........_.......
#.......#.#......


You could see Sigmund and Natasha.

Vanquished Creatures
  Terence (D:2)
  An adder (D:2)
  A dart slug (D:2)
  2 endoplasms
  2 giant cockroaches
  2 goblins
  2 hobgoblins (D:1)
  2 kobolds
  3 quokkas (D:1)
  3 ball pythons (D:1)
  2 bats (D:1)
  3 frilled lizards (D:1)
  3 rats
27 creatures vanquished.

Notes
Turn   | Place    | Note
-------+----------+-------------------------------------------
     0 | D:1      | ytrimaz the Hill Orc Fighter began the quest for the Orb.
     0 | D:1      | Reached XP level 1. HP: 19/19 MP: 1/1
   193 | D:1      | Reached XP level 2. HP: 27/27 MP: 2/2
   227 | D:1      | Reached skill level 4 in Fighting
   813 | D:2      | Reached XP level 3. HP: 33/33 MP: 3/3
   921 | D:2      | Found a faded altar of an unknown god.
   930 | D:2      | Noticed Terence
   943 | D:2      | Killed Terence
   944 | D:2      | Reached XP level 4. HP: 11/41 MP: 4/4
   959 | D:2      | Noticed Sigmund
   959 | D:2      | Noticed Natasha
   980 | D:2      | HP: 2/41 [Natasha (1)]
   982 | D:2      | Killed from afar by Sigmund

Illustrated notes

Levels and vault maps discovered:
D:1:      dpeg_arrival_round_b, layout_basic
D:2:      kb_forest_paths, layout_basic, chequers_ecumenical_altar_simple,
          chequers_decorated_corner, uniq_sigmund, uniq_terence, uniq_natasha

Skill      XL: |  1  2 |
---------------+-------+-----
Fighting       | 4 |  4.4
Axes           | 3 |  3.6
Armour         | |  3.8
Shields        | |  3.7

Action                   |  1- 3 |  4- 6 || total
-------------------------+-------+-------++-------
Melee: War axe           |    76 |     2 ||    78
  Use: Scroll            |       |     1 ||     1
       Potion            |       |     1 ||     1
Armor: Scale mail        |    40 |     4 ||    44
Dodge: Dodged            |    30 |     4 ||    34
Block: Buckler           |    15 |       ||    15

Table legend: (Time is in decaauts)
 A = Elapsed time spent in this place.
 B = Non-inter-level travel time spent in this place.
 C = Inter-level travel time spent in this place.
 D = Time resting spent in this place.
 E = Time spent auto-exploring this place.
 F = Levels seen in this place.
 G = Mean time per level.
                   A        B        C        D        E       F      G
               +--------+--------+--------+--------+--------+-----+--------+
         Total |   1012 |    994 |     18 |      0 |    736 |   2 |  506.0 |
       Dungeon |   1012 |    994 |     18 |      0 |    736 |   2 |  506.0 |
               +--------+--------+--------+--------+--------+-----+--------+

Top non-repeatable levels by time:
     D:1: 826 daAuts
     D:2: 186 daAuts
